 Dungeon Crawl Stone Soup version 0.28.0-53-g5a82cb258f (webtiles) character file.

Game seed: 5839149825452197697

217 Zeld the Ogre Mage (level 5, -4/45 HPs)
             Began as an Ogre Fire Elementalist on Aug 23, 2022.
             Engulfed by a cloud of flame (12 damage)
             ... on level 4 of the Dungeon.
             The game lasted 00:03:29 (4726 turns).

Zeld the Ogre Mage (Ogre Fire Elementalist)         Turns: 4726, Time: 00:03:29

Health: -4/45      AC:  4    Str: 12    XL:     5   Next: 94%
Magic:  0/11       EV: 10    Int: 18    God:
Gold:   173        SH:  0    Dex:  9    Spells: 2/12 levels left

rFire   . . .      SeeInvis .   (no weapon)
rCold   . . .      Faith    .   (no shield)
rNeg    . . .      Spirit   .   a - +0 robe
rPois   .          Reflect  .   (helmet restricted)
rElec   .          Harm     .   l - +0 cloak
rCorr   +          Rampage  .   (gloves unavailable)
Will    .....                   (boots unavailable)
Stlth   +.........              (no amulet)
HPRegen 0.15/turn               j - ring of resist corrosion
MPRegen 0.12/turn               (no ring)

@: no status effects
A: large, unfitting armour, tough skin 1
a: no special abilities


You were on level 4 of the Dungeon.
You visited 1 branch of the dungeon, and saw 4 of its levels.

You collected 173 gold pieces.

Inventory:

Armour
 a - a +0 robe (worn)
 l - a +0 cloak (worn)
Jewellery
 j - a ring of resist corrosion (left hand)
Scrolls
 c - a scroll of immolation {unknown}
 h - 2 scrolls of identify {unknown}
 i - a scroll of vulnerability {unknown}
Potions
 b - a potion of brilliance {unknown}
 d - a potion of ambrosia {unknown}
 e - a potion of might {unknown}
 f - a potion of invisibility {unknown}
 g - a potion of mutation {unknown}
 k - a potion of cancellation {unknown}


   Skills:
 + Level 2.6 Dodging
 - Level 1.4 Stealth
 * Level 4.2 Spellcasting
 + Level 2.2 Conjurations
 * Level 4.0 Fire Magic


You had 2 spell levels left.
You knew the following spells:

 Your Spells              Type           Power      Damage    Failure   Level
a - Foxfire               Conj/Fire      60%        2x1d7     4%          1
b - Scorch                Fire           36%        2d6       4%          2
c - Inner Flame           Hex/Fire       10%        N/A       19%         3
d - Flame Wave            Conj/Fire      15%        2d6       36%         4

Your spell library contained the following spells:

 Spells                   Type           Power      Damage    Failure   Level
 Conjure Flame            Conj/Fire      15%        6-21      12%         3


Dungeon Overview and Level Annotations

Branches:
Dungeon (4/15)
 Temple: D:4-7

Altars:
Elyvilon
Hepliaklqana
Sif Muna
Vehumet
Yredelemnul
The Shining One


Innate Abilities, Weirdness & Mutations

You are too large for most types of armour.
You have tough skin. (AC +1)


Message History

Casting: Scorch (safe; 4% risk of failure)
Confirm with . or Enter, or press ? or * to list all spells.
Aiming: Inner Flame (dangerous; 19% risk of failure)
Press: ? - help, Dir - move target, f - ogre
Aim: an ogre, wielding a +0 giant spiked club (chance to affect: 60%)
You miscast Inner Flame.
You are very lightly contaminated with residual magic.
Nothing appears to happen.
Casting: Inner Flame (dangerous; 19% risk of failure)
Confirm with . or Enter, or press ? or * to list all spells.
Aiming: Inner Flame (dangerous; 19% risk of failure)
Press: ? - help, Dir - move target, f/p - ogre
Aim: an ogre, wielding a +0 giant spiked club (chance to affect: 60%)
The ogre resists with significant effort.
Casting: Inner Flame (dangerous; 19% risk of failure)
Confirm with . or Enter, or press ? or * to list all spells.
Aiming: Inner Flame (dangerous; 19% risk of failure)
Press: ? - help, Dir - move target, f/p - ogre
Aim: an ogre, wielding a +0 giant spiked club (chance to affect: 60%)
The ogre is filled with an inner flame.
Casting: Inner Flame (dangerous; 19% risk of failure)
Confirm with . or Enter, or press ? or * to list all spells.
Flames lash the ogre.
Flame seeps out of the ogre.
The ogre is moderately wounded.
The ogre's fire resistance burns away.
The ogre is engulfed in blazing flames.
Flame seeps out of the ogre.
The ogre hits you with a +0 giant spiked club!
Unknown command.
The ogre is no longer more vulnerable to fire.
Your magical contamination has completely faded away.
Found a stone staircase leading up.
Casting: Scorch (safe; 4% risk of failure)
Confirm with . or Enter, or press ? or * to list all spells.
Flames lash the ogre.
The ogre explodes!
The fiery explosion engulfs you!!
Ouch! That really hurt!
* * * LOW HITPOINT WARNING * * *
You are engulfed in blazing flames.
You die...

#.# .# #.# .#
#######.##.########
..................
#####.....#####.# #
...............# .#
####..##§#####.###.#
###..##§# ##...#
.......@# ##.##
.....##.#######.####.#
..... #..............#
### #..######(######
#..# #.# #..# #.# #.<#
#.# ...# #.# #.#


There were no monsters in sight!

Vanquished Creatures
  An ogre (D:4)
  An orc priest (D:3)
  Jessica (D:2)
  Natasha (twice) (D:2)
  2 adders
  2 adder skeletons (D:3)
  A worm (D:2)
  5 orcs (D:4)
  8 ball pythons
  5 bats
  11 endoplasms
  5 giant cockroaches
  3 goblins
  5 hobgoblins
  6 jackals
  2 quokkas
  6 frilled lizards
  7 kobolds
  5 rats
78 creatures vanquished.

Vanquished Creatures (others)
  101 foxfires
101 creatures vanquished.

Grand Total: 179 creatures vanquished

Notes
Turn   | Place    | Note
-------+----------+-------------------------------------------
     0 | D:1      | Zeld the Ogre Fire Elementalist began the quest for the
                  | Orb.
     0 | D:1      | Reached XP level 1. HP: 16/16 MP: 3/3
    91 | D:1      | Reached skill level 1 in Conjurations
   370 | D:1      | Reached XP level 2. HP: 24/24 MP: 2/5
   373 | D:1      | Learned a level 2 spell: Scorch
  1168 | D:1      | Reached XP level 3. HP: 27/31 MP: 2/7
  1323 | D:1      | Learned a level 3 spell: Inner Flame
  1558 | D:1      | Found a faded altar of an unknown god.
  1808 | D:2      | Noticed Natasha
  1835 | D:2      | Killed Natasha
  1907 | D:2      | Reached XP level 4. HP: 38/39 MP: 0/8
  2011 | D:2      | Noticed Jessica
  2019 | D:2      | Killed Jessica
  2657 | D:2      | Found a shimmering blue altar of Sif Muna.
  2807 | D:2      | Reached XP level 5. HP: 45/45 MP: 7/10
  2854 | D:2      | Noticed Natasha
  2862 | D:2      | Killed Natasha
  3158 | D:3      | Found a basalt altar of Yredelemnul.
  3561 | D:3      | Found a faded altar of an unknown god.
  3613 | D:3      | Found a white marble altar of Elyvilon.
  3691 | D:3      | Found a hazy altar of Hepliaklqana.
  3852 | D:3      | Learned a level 4 spell: Flame Wave
  4050 | D:3      | Found a radiant altar of Vehumet.
  4521 | D:4      | Found a glowing golden altar of the Shining One.
  4706 | D:4      | Noticed an ogre
  4726 | D:4      | Killed an ogre
  4726 | D:4      | Engulfed by a cloud of flame

Illustrated notes

Levels and vault maps discovered:
D:1:      mrwooster_arrival_statue_2, layout_loops_corners,
          shapermc_ecumenical_altar_notcrosses, minmay_misc_feat_rugged
D:2:      layout_basic, basic_altar, uniq_jessica, uniq_natasha
D:3:      layout_basic, overflow_temple_1_default, vehumet_crystals,
          nicolae_overflow_ecumenical_swirl, kennysheep_ying_yang,
          serial_undead, serial_undead_f, serial_undead_e, serial_undead_b,
          serial_undead_a, hex_tiny
D:4:      layout_loops_ring, lemuel_doored_altar, gammafunk_ghost_cemetery,
          hangedman_decor_lopped, minmay_shop_damaged

Skill      XL: |  1  2  3  4  5 |
---------------+----------------+-----
Conjurations   | 1 2 |  2.2
Dodging        | 2 |  2.6
Fire Magic     | 3 4 |  4.0
Spellcasting   | 3 4 |  4.2
Stealth        | |  1.4

Action                   |  1- 3 |  4- 6 || total
-------------------------+-------+-------++-------
Melee: Unarmed           |     2 |    26 ||    28
 Cast: Foxfire           |    76 |     3 ||    79
       Scorch            |     6 |    66 ||    72
       Inner Flame       |       |     2 ||     2
Armor: Robe              |     8 |    32 ||    40
Dodge: Dodged            |    18 |    47 ||    65
